 Dungeon Crawl Stone Soup version 0.29-a0-1008-g949cc1d0fb (webtiles) character file.

Game seed: 7876786844924208287

3745 Tef the Protected (level 10, -6/105 HPs)
             Began as a Formicid Fighter on Aug 8, 2022.
             Mangled by an orc knight
             ... wielding a +0 halberd
              (18 damage)
             ... in a bailey.
             The game lasted 00:18:54 (6096 turns).

Tef the Protected (Formicid Fighter)                Turns: 6096, Time: 00:18:57

Health: -6/105     AC: 25    Str: 26    XL:     10   Next: 37%
Magic:  10/10      EV:  2    Int:  7    God:
Gold:   271        SH:  6    Dex: 13    Spells: 9/9 levels left

rFire   . . .      SeeInvis .   a - +1 war axe
rCold   . . .      Faith    .   c - +0 buckler
rNeg    . . .      Spirit   .   (body armour currently unavailable)
rPois   +          Reflect  .   (helmet unavailable)
rElec   .          Harm     .   (cloak currently unavailable)
rCorr   .          Rampage  .   (gloves currently unavailable)
Will    +....                   (boots currently unavailable)
Stlth   +.........              (no amulet)
HPRegen 0.27/turn               i - +4 ring of evasion
MPRegen 0.12/turn               (no ring)

@: brilliant, tree-form (expiring), attractive, invisible
A: stationary, stasis, torment immunity, boosted hp, permanent stasis, dig
shafts and tunnels, (antennae 3), four strong arms
a: no special abilities


You were in a bailey.
You were a tree.
You visited 1 branch of the dungeon, and saw 7 of its levels.
You also visited: Bailey.

You collected 271 gold pieces.

Inventory:

Hand Weapons
 a - a +1 war axe (weapon)
Missiles
 f - 8 poisoned darts
 y - a throwing net
Armour
 b - a +0 scale mail
 c - a +0 buckler (worn)
 p - a +0 pair of boots of rampaging (melded)
 x - the +2 pair of gloves of Patience (melded) {SInv}
   (You found it on level 3 of the Dungeon)

   SInv:      It lets you see invisible.
 B - a +0 plate armour (melded)
Jewellery
 i - a +4 ring of evasion (left branch)
 o - a +6 ring of dexterity
 r - a ring of fire
 u - a ring of wizardry
Wands
 C - a wand of paralysis (6)
Scrolls
 d - a scroll of torment
 g - a scroll of vulnerability
 h - a scroll of magic mapping
 l - a scroll of identify
 n - a scroll of teleportation
Potions
 e - a potion of invisibility
 j - 3 potions of ambrosia
 k - 3 potions of attraction
 m - a potion of haste
 s - 2 potions of flight
 z - a potion of magic
 D - a potion of brilliance


   Skills:
 - Level 3.2 Fighting
 + Level 9.3 Axes
 + Level 10.4 Armour
 - Level 9.1 Shields
 + Level 1.4 Evocations


You had 9 spell levels left.
You didn't know any spells.
Your spell library contained the following spells:

 Spells                   Type           Power      Damage    Failure   Level
 Magic Dart               Conj           0%         1d3       47%         1
 Call Imp                 Summ           0%         N/A       63%         2
 Mephitic Cloud           Conj/Pois/Air  0%         N/A       85%         3
 Ozocubu's Armour         Ice            0%         N/A       85%         3
 Portal Projectile        Hex/Tloc       0%         N/A       85%         3
 Tukima's Dance           Hex            0%         N/A       85%         3
 Passage of Golubria      Tloc           0%         N/A       99%         4
 Blade Hands              Tmut           0%         N/A       100%        5
 Yara's Violent Unravell  Hex/Tmut       0%         3d3       100%        5
 Ozocubu's Refrigeration  Ice            0%         4d7       100%        7
 Borgnjor's Revivificati  Necr           0%         N/A       100%        8
 Necromutation            Tmut/Necr      0%         N/A       100%        8
 Death's Door             Necr           0%         N/A       100%        9


Dungeon Overview and Level Annotations

Branches:
Dungeon (7/15)             Temple (0/1) D:4          Bailey (1/1)

Altars:
Elyvilon
Gozag
Kikubaaqudgha
Makhleb
Nemelex Xobeh
Qazlal
Ru
Trog
Uskayaw
Vehumet
Zin
The Shining One

Annotations:
D:3 Natasha
D:4 Menkaure


Innate Abilities, Weirdness & Mutations

You are a tree.
Your roots penetrate the ground, keeping you stationary.
You cannot be teleported.
You are immune to unholy pain and torment.
Your maximum health is greatly increased.
Your equipment is partially melded.
You cannot be hasted, slowed, berserked, paralysed or teleported.
You can dig through walls and to a lower floor.
((You have a pair of large antennae on your head. (SInv)))
Your four strong arms can wield two-handed weapons with a shield.


Message History

You feel better.
The orc knight hits you but does no damage.
Okay, then.
You hit the orc knight.
The orc knight is lightly wounded.
Your transformation is almost over.
The orc knight hits you but does no damage.
You barely miss the orc knight.
The orc knight is lightly wounded.
The orc knight hits you but does no damage.
You hit the orc knight.
The orc knight is lightly wounded.
The orc knight hits you but does no damage.
You barely miss the orc knight.
The orc knight is lightly wounded.
The orc knight hits you with a +0 halberd!
* * * LOW HITPOINT WARNING * * *
You slash the orc knight!
The orc knight is lightly wounded.
The orc knight hits you with a +0 halberd.
* * * LOW HITPOINT WARNING * * *
You hit the orc knight.
The orc knight is lightly wounded.
The orc knight hits you with a +0 halberd!
* * * LOW HITPOINT WARNING * * *
It was a potion of invisibility.
You fade into invisibility!
The orc knight barely misses you.
It was a potion of magic.
Magic courses through your body. The orc knight barely misses you.
It was a potion of brilliance.
You feel clever all of a sudden.
The orc knight hits you with a +0 halberd.
* * * LOW HITPOINT WARNING * * *
Aiming: Paralyse
Press: ? - help, Shift-Dir - straight line, f - orc knight
Aim: an orc knight, wielding a +0 halberd and wearing a +0 chain mail (lightly wounded, unable to see you, chance to affect: 35%)
The orc knight easily resists.
The orc knight hits you with a +0 halberd!!
You die...

♣♣♣♣♣♣♣♣ ♣♣......♣♣
♣........♣ #♣..∩..∩..♣#
#..........#
##..........##
###............#
♣♣...........♣♣.#
#♣..♣.♣......o♣♣.###
#≈≈...........))...♣♣
#≈≈≈....#....#).....♣
#≈≈≈≈≈≈≈#....#≈≈≈≈...♣
#≈≈≈≈≈≈≈#....#≈≈≈≈≈≈.♣
#≈≈≈≈≈≈≈#....#≈≈≈≈≈≈≈♣
#♣♣≈≈≈≈≈#....#≈≈≈≈≈≈≈≈≈
♣♣♣...#....#.oo≈≈≈≈≈≈#


You could see an orc knight (unable to see you).

Vanquished Creatures
  Pikel (D:4)
  Sigmund (D:5)
  Eustachio (D:4)
  A steam dragon (D:6)
  Duvessa (D:5)
  5 black bears
  3 orc warriors (Bailey)
  A sky beast (D:7)
  An ice beast (D:6)
  A hornet zombie (D:6)
  2 ogres (D:6)
  A centaur (D:6)
  A phantom (D:4)
  A bullfrog (D:6)
  Blork the orc (D:5)
  5 necrophages
  A wight (D:6)
  2 scorpions
  Dowan (D:5)
  A howler monkey (D:7)
  3 bullfrog zombies (D:6)
  A centaur zombie (D:6)
  A human zombie (D:6)
  3 hounds
  A jelly (D:5)
  2 orc priests (D:6)
  5 iguanas
  Ijyb (D:5)
  5 orc wizards (D:6)
  A killer bee zombie (D:6)
  A mummy (D:6)
  3 adders
  A white imp (D:6)
  An ufetubus (D:7)
  2 worms
  15 orcs
  2 ball pythons
  8 endoplasms
  5 giant cockroaches
  4 goblins
  11 hobgoblins
  5 quokkas
  3 bats
  3 frilled lizards
  7 kobolds
  7 rats
133 creatures vanquished.

Notes
Turn   | Place    | Note
-------+----------+-------------------------------------------
     0 | D:1      | Tef the Formicid Fighter began the quest for the Orb.
     0 | D:1      | Reached XP level 1. HP: 18/18 MP: 1/1
   184 | D:1      | Found a faded altar of an unknown god.
   186 | D:1      | Reached XP level 2. HP: 24/24 MP: 2/2
   619 | D:2      | Reached XP level 3. HP: 24/29 MP: 3/3
   683 | D:2      | Noticed a scorpion
   691 | D:2      | Killed a scorpion
   692 | D:2      | Reached skill level 4 in Armour
   692 | D:2      | Reached skill level 5 in Shields
   692 | D:2      | Reached XP level 4. HP: 21/35 MP: 4/4
   990 | D:2      | Reached XP level 5. HP: 30/41 MP: 5/5
  1587 | D:3      | Found a hide-covered altar of Uskayaw.
  1976 | D:3      | Found a stormy altar of Qazlal.
  1997 | D:3      | Reached XP level 6. HP: 47/47 MP: 6/6
  2124 | D:3      | Identified the +2 pair of gloves of Patience {SInv}
  2156 | D:3      | Noticed Natasha
  2172 | D:4      | Found an opulent altar of Gozag.
  2223 | D:4      | Noticed Pikel
  2245 | D:4      | Killed Pikel
  2246 | D:4      | Reached skill level 6 in Armour
  2246 | D:4      | Reached XP level 7. HP: 33/52 MP: 7/7
  2539 | D:4      | Noticed Eustachio
  2560 | D:4      | Killed Eustachio
  2561 | D:4      | Reached skill level 5 in Axes
  2561 | D:4      | Reached XP level 8. HP: 29/58 MP: 8/8
  2843 | D:4      | Found a staircase to the Ecumenical Temple.
  3040 | D:4      | Found a white marble altar of Elyvilon.
  3040 | D:4      | Found a glowing silver altar of Zin.
  3042 | D:4      | Found a glowing golden altar of the Shining One.
  3146 | D:5      | Entered Level 5 of the Dungeon
  3255 | D:5      | Noticed Blork the orc
  3280 | D:5      | Killed Blork the orc
  3463 | D:5      | Noticed Sigmund
  3478 | D:5      | Killed Sigmund
  3479 | D:5      | Reached skill level 7 in Armour
  3540 | D:5      | Found a sparkling altar of Nemelex Xobeh.
  3572 | D:5      | Noticed Ijyb
  3589 | D:5      | Killed Ijyb
  3668 | D:5      | Found a bloodstained altar of Trog.
  3687 | D:5      | Reached XP level 9. HP: 34/64 MP: 9/9
  3961 | D:5      | Found a sacrificial altar of Ru.
  3973 | D:5      | Noticed Duvessa
  3973 | D:5      | Noticed Dowan
  3978 | D:5      | Killed Duvessa
  3983 | D:5      | Killed Dowan
  4024 | D:5      | Found a burning altar of Makhleb.
  4024 | D:5      | Noticed an Executioner
  4069 | D:5      | Found a radiant altar of Vehumet.
  4073 | D:5      | Reached skill level 8 in Armour
  4225 | D:4      | Noticed Menkaure
  4746 | D:6      | Reached skill level 9 in Armour
  5252 | D:6      | Reached XP level 10. HP: 46/70 MP: 10/10
  5384 | D:6      | Found an ancient bone altar of Kikubaaqudgha.
  5471 | D:6      | Reached skill level 10 in Armour
  5905 | D:7      | Found a flagged portal.
  5921 | Bailey   | Entered a bailey
  6052 | Bailey   | Reached skill level 1 in Evocations
  6080 | Bailey   | Noticed an orc knight
  6096 | Bailey   | Mangled by an orc knight

Illustrated notes

Levels and vault maps discovered:
D:1:      sevenhm_arrival_forest_fort_small_3, layout_rooms,
          shapermc_ecumenical_altar_venn
D:2:      layout_basic
D:3:      layout_rooms, mainiacjoe_overflow_small_starburst,
          lemuel_coloured_pillars_altar, nicolae_qazlal_scattered_showers,
          kennysheep_generic_room_14, uniq_natasha
D:4:      layout_basic, good_gods_temple_1, mainiacjoe_overflow_catwalk,
          temple_pool_b, uniq_menkaure, uniq_eustachio, uniq_pikel
D:5:      layout_rooms, nicolae_vehumet_radiance,
          nicolae_ru_sacrificial_ziggurat, makhleb_altar_promises_db,
          mainiacjoe_overflow_concentric_impassable, trog_ov_bears_minmay,
          uniq_blork_the_orc, uniq_sigmund, uniq_duvessa, uniq_ijyb
D:6:      layout_rooms, lemuel_mausoleum_altar_kikubaaqudgha
D:7:      wad_pebble_path, layout_basic, lemuel_tele_altar, enter_bailey_5
Bailey:   bailey_polearm_elven_captive_hellmonk, bailey

Skill      XL: |  1  2  3  4  5  6  7  8  9 10 |
---------------+-------------------------------+-----
Axes           | 3 4 5 6 8 9 |  9.3
Armour         | 4 6 7 9 10 | 10.4
Shields        | 5 7 8 9 |  9.1
Evocations     | 1 |  1.4
Fighting       | |  3.2

Action                   |  1- 3 |  4- 6 |  7- 9 | 10-12 || total
-------------------------+-------+-------+-------+-------++-------
Melee: War axe           |    59 |    94 |   277 |   138 ||   568
Evoke: Wand              |       |       |       |     1 ||     1
  Use: Scroll            |       |     4 |     3 |     9 ||    16
       Potion            |       |     1 |     5 |     9 ||    15
Armor: Scale mail        |    23 |    26 |   107 |       ||   156
       Plate armour      |       |       |    37 |    35 ||    72
       Skin              |       |       |       |    27 ||    27
Dodge: Dodged            |    36 |    46 |   175 |    46 ||   303
Block: Buckler           |    10 |    28 |    99 |    47 ||   184

Table legend: (Time is in decaauts)
 A = Elapsed time spent in this place.
 B = Non-inter-level travel time spent in this place.
 C = Inter-level travel time spent in this place.
 D = Time resting spent in this place.
 E = Time spent auto-exploring this place.
 F = Levels seen in this place.
 G = Mean time per level.
                   A        B        C        D        E       F      G
               +--------+--------+--------+--------+--------+-----+--------+
         Total |   6218 |   6111 |    107 |    854 |   3810 |   8 |  777.2 |
       Dungeon |   6041 |   5934 |    107 |    827 |   3787 |   7 |  863.0 |
        Bailey |    177 |    177 |      0 |     27 |     23 |   1 |  177.0 |
               +--------+--------+--------+--------+--------+-----+--------+

Top non-repeatable levels by time:
     D:6: 1556 daAuts
     D:5: 1089 daAuts
     D:2: 1053 daAuts
     D:4: 1029 daAuts
     D:3: 597 daAuts
     D:1: 570 daAuts
  Bailey: 177 daAuts
     D:7: 143 daAuts
